General information
- name: BNet
- type: Ladder team game (AT/RT)
- host: Battle.net
- saver: REAL.SCARy
map: ExcavationSite
- players: 4
- length: 18:28
- speed: Fast
- version: 1.23 W3XP
- replay type: Public
» download(103 KB)
Players
team 1 (loser)

»
I)ark-math (
blue | 45 APM | 835 actions | 18:21)
2 Blademaster
1 Wind Walk
1 Critical Strike
1 Pit Lord
1 Rain of Fire
» actions
| Assign group hotkey | 10 | |
| Basic commands | 60 | |
| Build / train | 46 | |
| Enter build submenu | 14 | |
| Enter hero's abilities submenu | 3 | |
| Remove unit from queue | 1 | |
| Right click | 384 | |
| Select / deselect | 255 | |
| Select group hotkey | 34 | |
| Use ability | 28 | |
835 total
» units
» upgrades
| Melee Weapons | 2 | |
| Armor | 2 | |
| Pillage | 1 | |
| Berserker Strength | 1 | |
| Ensnare | 1 | |
7 total
» buildings
| Altar of Storms | 1 | |
| Barracks | 1 | |
| Orc Burrow | 6 | |
| War Mill | 1 | |
| Stronghold | 1 | |
| Fortress | 1 | |
| Beastiary | 2 | |
13 total
» build order
00:05 Altar of Storms
00:08 Barracks
00:11 Orc Burrow
01:48 Orc Burrow
02:29 War Mill
04:09 Stronghold
04:30 Orc Burrow
05:29 Orc Burrow
06:54 Orc Burrow
07:22 Orc Burrow
08:36 Fortress
10:14 Beastiary
10:19 Beastiary

»
The.Keyboard (
teal | 56 APM | 1024 actions | 18:18)
3 Blademaster
2 Wind Walk
1 Critical Strike
» actions
| Assign group hotkey | 13 | |
| Basic commands | 1 | |
| Build / train | 42 | |
| Enter build submenu | 18 | |
| Enter hero's abilities submenu | 3 | |
| Remove unit from queue | 3 | |
| Right click | 593 | |
| Select / deselect | 293 | |
| Use ability | 58 | |
1024 total
» units
| Peon | 9 | |
| Grunt | 6 | |
| Demolisher | 2 | |
| Tauren | 5 | |
| Shaman | 2 | |
| Spirit Walker | 1 | |
25 total
» upgrades
| Melee Weapons | 1 | |
| Armor | 1 | |
| Shaman Training | 2 | |
| Spirit Walker Training | 2 | |
6 total
» buildings
| Altar of Storms | 1 | |
| Orc Burrow | 7 | |
| Barracks | 1 | |
| Voodoo Lounge | 1 | |
| War Mill | 1 | |
| Stronghold | 1 | |
| Watch Tower | 1 | |
| Fortress | 1 | |
| Spirit Lodge | 2 | |
| Tauren Totem | 2 | |
18 total
» build order
00:05 Altar of Storms
00:08 Orc Burrow
00:50 Barracks
01:30 Orc Burrow
03:38 Voodoo Lounge
03:44 Orc Burrow
04:16 War Mill
05:00 Stronghold
05:40 Watch Tower
07:22 Fortress
07:26 Spirit Lodge
07:29 Spirit Lodge
08:53 Orc Burrow
09:45 Tauren Totem
09:50 Tauren Totem
09:54 Orc Burrow
10:53 Orc Burrow
13:04 Orc Burrow
» items
| Lesser Clarity Potion | 1 | |
| Healing Salve | 1 | |
2 total
team 2 (winner)

»
REAL.SCARy (
yellow | 119 APM | 2206 actions | 18:28)
5 Demon Hunter
3 Mana Burn
2 Evasion
3 Goblin Alchemist
2 Acid Bomb
1 Chemical Rage
» actions
| Assign group hotkey | 101 | |
| Basic commands | 176 | |
| Build / train | 105 | |
| ESC pressed | 11 | |
| Enter build submenu | 26 | |
| Enter hero's abilities submenu | 8 | |
| Right click | 715 | |
| Select / deselect | 491 | |
| Select group hotkey | 484 | |
| Use ability | 89 | |
2206 total
» units
| Wisp | 37 | |
| Archer | 22 | |
| Druid of the Talon | 6 | |
65 total
» upgrades
| Strength of the Moon | 3 | |
| Improved Bows | 1 | |
| Druid of the Talon Training | 2 | |
| Moon Armor | 1 | |
| Marksmanship | 1 | |
| Hippogryph Taming | 1 | |
9 total
» buildings
| Altar of Elders | 1 | |
| Moon Well | 9 | |
| Ancient of War | 4 | |
| Hunter's Hall | 2 | |
| Tree of Life | 4 | |
| Tree of Ages | 2 | |
| Ancient Protector | 1 | |
| Ancient of Wind | 2 | |
| Tree of Eternity | 3 | |
28 total
» build order
00:03 Altar of Elders
00:21 Moon Well
00:23 Moon Well
00:58 Ancient of War
01:21 Ancient of War
01:31 Moon Well
02:17 Ancient of War
02:38 Hunter's Hall
03:26 Moon Well
03:43 Moon Well
04:36 Tree of Life
05:08 Ancient of War
05:10 Moon Well
05:52 Hunter's Hall
06:24 Tree of Life
07:12 Tree of Life
07:34 Tree of Ages
07:34 Tree of Ages
07:52 Ancient Protector
09:55 Tree of Life
11:02 Ancient of Wind
11:33 Moon Well
11:33 Moon Well
11:54 Ancient of Wind
14:26 Tree of Eternity
14:26 Tree of Eternity
16:34 Moon Well
» items
| Scroll of Town Portal | 1 | |
| Scroll of Protection | 1 | |
| Scroll of Healing | 2 | |
4 total

»
SecertLogin (
green | 132 APM | 2433 actions | 18:22)
5 Archmage
3 Summon Water Elemental
2 Brilliance Aura
4 Mountain King
2 Storm Bolt
2 Thunder Clap
2 Paladin
1 Holy Light
1 Devotion Aura
» actions
| Assign group hotkey | 28 | |
| Basic commands | 156 | |
| Build / train | 70 | |
| Enter build submenu | 25 | |
| Enter hero's abilities submenu | 11 | |
| Give item / drop item | 4 | |
| Right click | 750 | |
| Select / deselect | 480 | |
| Select group hotkey | 786 | |
| Use ability | 123 | |
2433 total
» units
| Peasant | 13 | |
| Footman | 5 | |
| Sorceress | 4 | |
| Priest | 2 | |
| Spell Breaker | 2 | |
| Knight | 3 | |
| Gryphon Rider | 3 | |
32 total
» upgrades
| Lumber Harvesting | 1 | |
| Sorceress Training | 1 | |
| Priest Training | 2 | |
| Animal War Training | 1 | |
| Swords | 1 | |
| Armor | 1 | |
7 total
» buildings
| Barracks | 1 | |
| Altar of Kings | 1 | |
| Farm | 10 | |
| Lumber Mill | 1 | |
| Keep | 1 | |
| Scout Tower | 3 | |
| Arcane Vault | 1 | |
| Arcane Sanctum | 3 | |
| Castle | 2 | |
| Blacksmith | 1 | |
| Gryphon Aviary | 1 | |
| Town Hall | 1 | |
26 total
» build order
00:07 Barracks
00:10 Altar of Kings
00:20 Farm
00:35 Farm
01:46 Farm
02:09 Lumber Mill
02:51 Keep
03:16 Farm
03:32 Scout Tower
03:38 Scout Tower
04:03 Scout Tower
04:09 Farm
04:18 Arcane Vault
05:21 Arcane Sanctum
05:56 Arcane Sanctum
06:57 Arcane Sanctum
07:53 Farm
08:51 Castle
08:51 Castle
08:55 Blacksmith
11:30 Farm
11:46 Farm
11:49 Farm
12:46 Gryphon Aviary
15:43 Town Hall
18:13 Farm
» items
| Scroll of Regeneration | 2 | |
| Scroll of Town Portal | 1 | |
| Potion of Healing | 1 | |
| Lesser Clarity Potion | 1 | |
| Potion of Lesser Invulnerability | 1 | |
6 total
Chat log
(00:30 / Allies) SecertLogin: like if you match the ggl guys in 4s rt
(00:33 / Allies) SecertLogin: its always a good game
(00:56 / Allies) REAL.SCARy: im archers nothgin else really
(01:08 / Allies) REAL.SCARy: ok wow
(01:09 / Allies) REAL.SCARy: i need 20 lumber
(01:13 / Allies) SecertLogin: lmao
(01:16 / Allies) REAL.SCARy: 10
(01:18 / Allies) REAL.SCARy: nvm
(01:52 / Allies) REAL.SCARy: im probkly going to play like a fagot this game
(01:56 / Allies) SecertLogin: k
(02:46 / Allies) REAL.SCARy: blue here
(03:10 / Allies) REAL.SCARy: hmm
(03:12 / Allies) REAL.SCARy: 100 mana bm
(03:12 / Allies) REAL.SCARy: now
(05:50 / Allies) SecertLogin: they rushing
(06:02 / Allies) REAL.SCARy: lvl 3 dh coming
(06:05 / Allies) SecertLogin: come plz
(06:38 / Allies) REAL.SCARy: get b
(06:38 / Allies) REAL.SCARy: lol
(06:53 / Allies) REAL.SCARy: they cant penetrate atm
(07:02 / Allies) REAL.SCARy: gold me
(07:19 / Allies) REAL.SCARy: omg
(07:22 / Allies) REAL.SCARy: shoulda told me ur base was blocked
(07:22 / Allies) REAL.SCARy: lol
(07:56 / Allies) SecertLogin: worst tp ever lol
(08:02 / Allies) REAL.SCARy: no it wasnt
(08:02 / Allies) SecertLogin: y wouldn't i block my base vs two orc?
(09:26 / Allies) REAL.SCARy: i cant believe
(09:27 / Allies) REAL.SCARy: wisps tped